 Dungeon Crawl Stone Soup version 0.30-a0-347-gf58ed5266c (webtiles) character file.

Game seed: 15104210730077493576

523379 KennySheep the Convoker (level 23, -1/185 HPs)
             Began as a Demigod Conjurer on Nov 6, 2022.
             Killed from afar by a black draconian knight (29 damage)
             ... with a bolt of lightning
             ... on level 2 of the Realm of Zot on Nov 7, 2022.
             The game lasted 06:26:20 (74552 turns).

KennySheep the Convoker (Demigod Conjurer)         Turns: 74552, Time: 06:26:21

Health: -1/185     AC: 33    Str: 21 (24) XL:     23   Next: 9%
Magic:  38/49      EV: 15    Int: 50 (52) God:
Gold:   3562       SH:  9    Dex: 18 (21) Spells: 7/54 levels left

rFire   + + +      SeeInvis .    a - staff of conjuration
rCold   + + +      Faith    .    Q - +3 buckler {reflect}
rNeg    + + +      Spirit   .    i - +3 ice dragon scales
rPois   +          Reflect  +    V - +2 helmet of the Hot Ocelot {rF- rN+ Will+ Regen+}
rElec   .          Harm     .    b - +3 cloak of Gravity {Rampage rF+++ Will- Str+7}
rCorr   +          Rampage  +    F - +1 pair of gloves {Dex+3}
Will    +++..                    e - +1 pair of boots of the Other World {+Inv rPois Dex-3}
Stlth   ++........               v - amulet "Biuz" {RegenMP *Slow rN+ Will+ Str+6}
HPRegen 1.30/turn                R - ring of Kocipp {*Corrode rC+ rN+ Int+6}
MPRegen 0.71/turn                j - ring of the Pharaoh's Fist {rF+ rN+ rCorr Dex+6}

@: lethally poisoned (-1 -> -1), studying Necromancy
A: high MP 1, forlorn, divine attributes, claws 1, iridescent scales 1, agile 1,
fire resistance 1, strong 1
}: 3/15 runes: barnacled, abyssal, gossamer
a: Evoke Invisibility


You were on level 2 of the Realm of Zot.
You visited 12 branches of the dungeon, and saw 48 of its levels.
You visited the Abyss 2 times.
You visited 2 bazaars.
You also visited: Bailey and Volcano.

You collected 7814 gold pieces.
You spent 4252 gold pieces at shops.

Inventory:

Armour
 b - the +3 cloak of Gravity (worn) {Rampage rF+++ Will- Str+7}
   (You found it on level 2 of the Depths)

   Str:       It affects your strength (+7).
   rF:        It renders you almost immune to fire.
   Rampage:   It bestows one free step when moving towards enemies.
   Will:      It decreases your willpower.
 c - quicksilver dragon scales
 e - the +1 pair of boots of the Other World (worn) {+Inv rPois Dex-3}
   (You acquired it on level 1 of the Depths)

   Dex:       It affects your dexterity (-3).
   rPois:     It protects you from poison.
   +Inv:      It lets you turn invisible.
 i - +3 ice dragon scales (worn)
 F - a +1 pair of gloves of dexterity (worn)
 Q - a +3 buckler of reflection (worn)
 V - the +2 helmet of the Hot Ocelot (worn) {rF- rN+ Will+ Regen+}
   (You bought it in a shop on level 2 of the Shoals)

   rF:        It makes you vulnerable to fire.
   rN:        It protects you from negative energy.
   Regen:     It increases your rate of health regeneration.
   Will:      It increases your willpower.
Magical Staves
 a - a staff of conjuration (weapon)
Jewellery
 j - the ring of the Pharaoh's Fist (right hand) {rF+ rN+ rCorr Dex+6}
   (You found it on level 3 of the Depths)

   [ring of dexterity]

   Dex:       It affects your dexterity (+6).
   rF:        It protects you from fire.
   rN:        It protects you from negative energy.
   rCorr:     It protects you from acid and corrosion.
 t - an amulet of the acrobat
 v - the amulet "Biuz" (around neck) {RegenMP *Slow rN+ Will+ Str+6}
   (You took it off a tengu reaver on level 2 of the Depths)

   [amulet of magic regeneration]

   It increases your rate of magic regeneration.
   Str:       It affects your strength (+6).
   rN:        It protects you from negative energy.
   *Slow:     It may slow you when you take damage.
   Will:      It increases your willpower.
 J - a ring of flight
 N - a ring of poison resistance
 R - the ring of Kocipp (left hand) {*Corrode rC+ rN+ Int+6}
   (You found it on level 4 of the Shoals)

   [ring of intelligence]

   Int:       It affects your intelligence (+6).
   rC:        It protects you from cold.
   rN:        It protects you from negative energy.
   *Corrode:  It may corrode you when you take damage.
 X - the ring "Ruynos" {Will++ EV+4 Int+5}
   (You found it on level 14 of the Dungeon)

   [ring of evasion]

   EV:        It affects your evasion (+4).
   Int:       It affects your intelligence (+5).
   Will:      It greatly increases your willpower.
Wands
 s - a wand of acid (19)
 C - a wand of charming (32)
 H - a wand of flame (52)
 I - a wand of mindburst (22)
 M - a wand of iceblast (36)
 U - a wand of polymorph (9)
 Y - a wand of digging (26)
Scrolls
 d - 2 scrolls of summoning
 f - a scroll of blinking
 g - 3 scrolls of magic mapping
 k - 6 scrolls of poison
 n - 14 scrolls of teleportation
 p - 5 scrolls of amnesia
 r - a scroll of silence
 x - 7 scrolls of butterflies
 y - 9 scrolls of enchant weapon
 Z - 3 scrolls of brand weapon
Potions
 h - 5 potions of resistance
 l - 2 potions of cancellation
 m - 32 potions of curing
 q - 4 potions of flight
 u - 5 potions of brilliance
 w - a potion of magic
 A - 8 potions of might
 B - 6 potions of heal wounds
 K - 4 potions of haste
 O - a potion of invisibility
 T - 6 potions of berserk rage
 W - 9 potions of ambrosia
Miscellaneous
 o - a lightning rod (4/4)
 z - a box of beasts


   Skills:
 - Level 11.1 Fighting
 - Level 12.0 Staves
 + Level 14.6 Armour
 - Level 9.6 Dodging
 - Level 6.0 Stealth
 - Level 5.0 Shields
 - Level 16.1 Spellcasting
 - Level 16.8 Conjurations
 * Level 20.7 Summonings
 - Level 8.6 Translocations
 - Level 5.5 Fire Magic
 - Level 10.0 Evocations


You had 7 spell levels left.
You knew the following spells:

 Your Spells              Type           Power      Damage    Failure   Level
a - Summon Forest         Summ/Tloc      56%        N/A       1%          5
b - Blink                 Tloc           100%       N/A       1%          2
c - Iskenderun's Mystic   Conj/Tloc      100%       2d19      1%          4
d - Orb of Destruction    Conj           71%        9d16      1%          7
e - Starburst             Conj/Fire      61%        6d16      2%          6
f - Summon Hydra          Summ           64%        N/A       1%          7
g - Dragon's Call         Summ           64%        N/A       28%         9
z - Spellforged Servitor  Conj/Summ      74%        N/A       1%          7

Your spell library contained the following spells:

 Spells                   Type           Power      Damage    Failure   Level
 Foxfire                  Conj/Fire      100%       2x1d9     0%          1
 Magic Dart               Conj           100%       1d8       0%          1
 Summon Small Mammal      Summ           100%       N/A       0%          1
 Momentum Strike          Conj/Tloc      100%       3d10      0%          2
 Searing Ray              Conj           100%       2d8       0%          2
 Call Canine Familiar     Summ           100%       N/A       0%          3
 Apportation              Tloc           100%       N/A       1%          1
 Beastly Appendage        Tmut           80%        N/A       1%          1
 Kiss of Death            Conj/Necr      100%       2d13      1%          1
 Necrotise                Necr           100%       1d9       1%          1
 Sandblast                Erth           80%        2d17      1%          1
 Shock                    Conj/Air       100%       1d9       1%          1
 Slow                     Hex            100%       N/A       1%          1
 Sting                    Tmut/Pois      100%       1d8       1%          1
 Dazzling Flash           Conj/Hex       100%       N/A       1%          3
 Gell's Gravitas          Tloc           91%        N/A       1%          3
 Hailstorm                Conj/Ice       100%       3d20      1%          3
 Ignite Poison            Fire/Tmut/Pois 56%        N/A       1%          3
 Kindle Blastsparks       Fire/Tloc/Air  100%       2d18      1%          3
 Lesser Beckoning         Tloc           100%       N/A       1%          3
 Stone Arrow              Conj/Erth      100%       3d13      1%          3
 Summon Guardian Golem    Hex/Summ       97%        N/A       1%          3
 Teleport Other           Tloc           91%        N/A       1%          3
 Animate Armour           Summ/Erth      100%       N/A       1%          4
 Fulminant Prism          Conj/Hex       56%        3d25      1%          4
 Manifold Assault         Tloc           91%        N/A       1%          4
 Passage of Golubria      Tloc           91%        N/A       1%          4
 Sticky Flame             Conj/Fire      100%       2d11      1%          4
 Fireball                 Conj/Fire      61%        3d23      1%          5
 Summon Mana Viper        Hex/Summ       97%        N/A       1%          5
 Summon Cactus Giant      Summ           64%        N/A       1%          6
 Ensorcelled Hibernation  Hex/Ice        80%        N/A       2%          2
 Passwall                 Tmut/Erth      33%        N/A       2%          2
 Poisonous Vapours        Pois/Air       80%        N/A       2%          2
 Sublimation of Blood     Necr           40%        N/A       2%          2
 Wereblood                Tmut           40%        N/A       2%          2
 Confusing Touch          Hex            40%        N/A       4%          3
 Ozocubu's Armour         Ice            40%        N/A       4%          3
 Spider Form              Tmut/Pois      40%        N/A       4%          3
 Swiftness                Air            40%        N/A       4%          3
 Vampiric Draining        Necr           40%        2d8       4%          3
 Dispersal                Tloc           45%        N/A       6%          6
 Airstrike                Air            20%        2d(3-19)  14%         4
 Anguish                  Hex/Necr       20%        N/A       14%         4
 Animate Dead             Necr           40%        N/A       14%         4
 Olgreb's Toxic Radiance  Pois           40%        N/A       14%         4
 Agony                    Necr           40%        N/A       38%         5
 Alistair's Intoxication  Tmut/Pois      26%        N/A       38%         5
 Borgnjor's Vile Clutch   Necr/Erth      20%        N/A       38%         5
 Lee's Rapid Deconstruct  Erth           20%        3d12*     38%         5
 Silence                  Hex/Air        20%        N/A       38%         5
 Death Channel            Necr           20%        N/A       92%         6
 Eringya's Noxious Bog    Tmut/Pois      20%        N/A       92%         6
 Enfeeble                 Hex            20%        N/A       100%        7
 Ozocubu's Refrigeration  Ice            20%        4d11      100%        7
 Disjunction              Tloc           45%        N/A       95%         8
 Lehudib's Crystal Spear  Conj/Erth      56%        10d13     97%         8
 Borgnjor's Revivificati  Necr           20%        N/A       100%        8
 Ignition                 Fire           38%        3d11      100%        8
 Necromutation            Tmut/Necr      20%        N/A       100%        8
 Death's Door             Necr           20%        N/A       100%        9
 Fire Storm               Conj/Fire      61%        8d16      100%        9


Dungeon Overview and Level Annotations

Branches:
Dungeon (15/15)            Temple (1/1) D:4            Lair (5/5) D:8
 Shoals (4/4) Lair:2       Spider (4/4) Lair:3        Slime (0/5) Lair:5
    Orc (2/2) D:10            Elf (3/3) Orc:2        Vaults (4/5) D:13
  Crypt (3/3) Vaults:2       Tomb (0/3) Crypt:3      Depths (4/4) D:15
   Hell (visited)             Zot (2/5) Depths:4     Bailey (visited)
Volcano (visited)
    Dis: Hell:1         Geh: Hell:1         Coc: Hell:1         Tar: Hell:1

Shops:
D:1 :   D:11 *   D:14 !   D:15 (([   Orc:2 *[=(   Elf:2 =   Shoals:2 [
Shoals:3 [   Depths:1 [:*?

Portals:
Hell: Depths:1 Depths:2 Depths:3 Depths:4
Abyss: Depths:3
Pandemonium: Depths:2 Depths:4
Ziggurat: Depths:1

Annotations:
Lair:4 3 runed translucent doors, purpskrrrp's ghost, journeyman DjEE
Elf:2 3 runed translucent doors
Hell Geryon
Zot:2 exclusion: 2 upstairs


Innate Abilities, Weirdness & Mutations

You have an increased reservoir of magic. (+10% MP)
You shall have no god before yourself.
Your divine heritage dramatically boosts your attributes as you level up.
You have sharp fingernails.
You are partially covered in iridescent scales. (AC +2)
You are agile. (Dex +4, Str/Int -1)
Your flesh is heat resistant. (rF+)
Your muscles are strong. (Str +4, Int/Dex -1)


Message History

The green draconian barely misses your death cob.
You block the green draconian's attack.
The green draconian attacks as you move away!
The green draconian hits you but does no damage.
The green draconian hits your death cob with a +0 battleaxe!
The green draconian tail-slaps you but does no damage.
You feel sick.
Your death cob hits the yellow draconian annihilator! x2
The yellow draconian annihilator points at you and mumbles some strange words.
The iron shot misses you.
The iron shot hits your tentacled monstrosity!!
The green draconian monk hits you but does no damage.
The green draconian monk kicks you but does no damage.
The green draconian monk closely misses you.
You block the green draconian monk's attack.
Your tentacled monstrosity tentacle-slaps the tentacled monstrosity!!
Your tentacled monstrosity tentacle-slaps the tentacled monstrosity. x2
Your tentacled monstrosity grabs the tentacled monstrosity.
Your tentacled monstrosity constricts the tentacled monstrosity!
You see here a moth of wrath corpse.
The white draconian attacks as you move away!
The white draconian hits you but does no damage.
The white draconian hits your tentacled monstrosity with a +0 war axe!
You feel sick.
The tentacled monstrosity tentacle-slaps your tentacled monstrosity!
The tentacled monstrosity completely misses your tentacled monstrosity.
The tentacled monstrosity tentacle-slaps your tentacled monstrosity.
The tentacled monstrosity grabs your tentacled monstrosity.
The tentacled monstrosity constricts your tentacled monstrosity!
The green draconian monk hits your tentacled monstrosity but does no damage.
The green draconian monk kicks your tentacled monstrosity!
The green draconian monk tail-slaps your tentacled monstrosity.
The green draconian monk tail-slaps your tentacled monstrosity but does no damage.
The yellow draconian annihilator gestures wildly while chanting.
The yellow draconian annihilator blinks!
The black draconian knight breathes lightning at you.
The bolt of lightning hits you!!!
* * * LOW HITPOINT WARNING * * *
The bolt of lightning hits you!!
You die...

#..☼#.#.#
#.q#.#.# .
##..#.## #.
##..#.# #.
##..### #.
##D..## #.
##qd.###
#.##X†d>q##..
#.<@X#.z..#
##^.qz####...
##..#.# #
##..## ##..#
##..# ...#
....# .!....


You could see a tentacled monstrosity (distracted, ally target), a green
draconian monk (ally target), a black draconian knight (catching breath), a
storm dragon, a green draconian, a white draconian, a yellow draconian
annihilator, a friendly tentacled monstrosity (summoned) and a friendly death
cob (summoned).

Vanquished Creatures
  Boris (Depths:4)
  2 Killer Klowns (Zot:1)
  A curse toe (Zot:1)
  3 golden dragons
  3 bone dragons
  An electric golem (Zot:1)
  4 tentacled monstrosities
  A walking crystal tome (Depths:2)
  Rupert (Lair:5)
  6 liches
  A walking divine tome (Depths:2)
  A quicksilver dragon (Zot:1)
  Mlioglotl (Shoals:1)
  A deep elf blademaster (Elf:3)
  A deep elf master archer (Elf:3)
  2 tentacled starspawn (Abyss:3)
  A death cob (Zot:1)
  2 ancient champions (Crypt:3)
  3 sphinxes
  A storm dragon (Zot:1)
  A draconian monk (Depths:4)
  A shadow dragon (Depths:4)
  4 frost giants
  A tengu reaver (Depths:2)
  5 deep elf sorcerers (Elf:3)
  An iron dragon (Zot:1)
  An emperor scorpion (Spider:4)
  A draconian knight (Depths:4)
  2 revenants (Crypt:3)
  6 vault wardens
  A fire giant (Depths:2)
  Aizul (Shoals:3)
  4 ghouls
  4 deep elf elementalists
  7 ironbound preservers
  4 ghost moths
  3 orc warlords
  A spriggan defender (Depths:2)
  A draconian annihilator (Zot:1)
  A caustic shrike skeleton (Crypt:3)
  8 very ugly things
  5 stone giants
  A war gargoyle (Vaults:4)
  An elemental wellspring (Shoals:3)
  2 vampire knights
  A lorocyproca (Depths:4)
  5 deep elf demonologists
  A yellow draconian (Depths:4)
  A black draconian (Zot:2)
  The ghost of Solauffi the Thaumaturge, a journeyman DjFE of Gozag (D:14)
  4 deep elf annihilators
  2 red draconians (Depths:4)
  A spark wasp (Spider:3)
  4 dire elephants
  The ghost of Leaxt the Severer, a journeyman MiBe of Trog (Lair:3)
  An eidolon (Crypt:3)
  3 merfolk impalers (Shoals:4)
  4 deep elf death magi (Elf:3)
  6 ettins
  4 fire dragons
  A green death (Abyss:2)
  3 merfolk javelineers
  2 great orbs of eyes
  8 jiangshi
  2 deep elf high priests (Elf:3)
  4 ice dragons
  5 entropy weavers
  7 yaktaur captains
  5 hydras
  A jorogumo (Spider:3)
  2 rakshasas (Depths:3)
  2 spriggan air magi
  3 ogre magi
  2 radroaches
  2 alligator snapping turtles
  2 merfolk avatars
  2 peacekeepers (Vaults:4)
  5 ironbound frosthearts
  2 vault guards
  A fenstrider witch skeleton (Abyss:1)
  3 boulder beetles
  8 centaur warriors
  12 dancing weapons
  10 two-headed ogres
  A deep troll shaman (Depths:4)
  4 tengu warriors
  4 orc high priests
  6 death yaks (Lair:5)
  A thrashing horror (Abyss:3)
  A titan zombie (Crypt:2)
  A hell knight (Depths:2)
  4 vampire magi
  2 spriggan berserkers (Depths:3)
  9 deep elf knights
  3 iron trolls
  2 shadow wraiths (Crypt:3)
  3 sun moths
  13 skeletal warriors
  6 steelbarb worms
  A goliath frog (Lair:5)
  2 glowing orange brains
  An anaconda zombie (Crypt:3)
  7 orb spiders
  8 sea snakes
  2 pharaoh ants
  23 deep trolls
  8 deep elf archers
  8 wizards
  A bog body (Crypt:1)
  A flayed ghost (Depths:1)
  7 ironbound convokers
  An iron giant skeleton (Crypt:3)
  A harpy (shapeshifter) (D:14)
  Pikel (D:8)
  5 phantasmal warriors
  18 harpies
  A necromancer (Crypt:3)
  17 deep elf zephyrmancers
  A wolf spider zombie (Spider:3)
  6 lindwurms
  17 deep elf pyromancers
  10 ugly things
  An oklob plant (Abyss:3)
  8 orc knights
  9 wolf spiders
  The ghost of OstrichLN the Carver, a novice DsGl (D:6)
  3 orc sorcerers (Orc:2)
  8 moths of wrath
  A manticore (shapeshifter) (Vaults:4)
  A sphinx skeleton (Crypt:3)
  2 toenail golems (Volcano)
  14 manticores
  3 merfolk sirens
  6 cyclopes
  11 vault sentinels
  5 torpor snails
  7 black mambas
  A guardian serpent (Depths:3)
  2 rust devils
  A smoke demon (Abyss:3)
  5 water nymphs
  An orange demon (Hell)
  24 cane toads
  2 kobold demonologists
  10 demonic crawlers
  3 rime drakes
  5 freezing wraiths
  2 unseen horrors
  7 komodo dragons
  3 efreet
  2 ancient zymes
  18 yaktaurs
  6 merfolk
  3 tengu conjurers
  A harpy zombie (Crypt:3)
  3 silent spectres
  A queen bee (shapeshifter) (Elf:3)
  6 trolls
  3 meliai (Spider:2)
  4 tyrant leeches (Lair:5)
  Prince Ribbit (D:8)
  3 polar bears
  18 blink frogs
  20 tarantellas
  5 hornets
  A raiju (shapeshifter) (D:14)
  2 wolf spider simulacra (Spider:3)
  3 wind drakes
  9 raiju
  A harpy skeleton (Crypt:3)
  24 slime creatures
  10 snapping turtles
  2 shadows
  3 water elementals
  9 culicivoras
  8 flying skulls
  9 jumping spiders
  A fire dragon skeleton (Crypt:1)
  8 wraiths
  Eustachio (D:6)
  2 fire elementals
  4 wyverns
  7 fire bats
  5 large abominations
  26 yaks
  A human (D:13)
  2 basilisks (Lair:1)
  14 vampire mosquitoes
  Menkaure (D:7)
  A chaos spawn (Abyss:3)
  26 redbacks
  2 naga zombies
  2 small abominations
  6 wargs
  2 floating eyes
  A glowing shapeshifter zombie (Depths:1)
  3 acid dragons
  12 water moccasins
  Duvessa (D:4)
  A deep troll skeleton (Crypt:3)
  A floating eye (shapeshifter) (Depths:3)
  A glowing shapeshifter skeleton (Crypt:2)
  3 ice beasts (D:8)
  37 orc warriors
  A black bear (D:5)
  2 ogres
  A swamp dragon zombie (Crypt:1)
  A hog zombie (Crypt:3)
  15 wolves
  A boggart (Vaults:3)
  16 centaurs
  2 kobold brigands
  A phantom (D:4)
  A komodo dragon zombie (Crypt:1)
  19 bullfrogs
  A gnoll sergeant (Orc:2)
  8 necrophages
  2 earth elementals (Elf:3)
  2 scorpions (Spider:3)
  2 water moccasin zombies
  A wight (D:6)
  Dowan (D:4)
  26 killer bees
  4 howler monkeys
  An electric eel (Lair:1)
  4 centaur zombies
  4 crimson imps (D:12)
  A quasit (Abyss:1)
  2 bullfrog zombies (D:6)
  3 hounds (D:5)
  A human zombie (D:6)
  20 orc priests
  2 jellies
  2 iron imps (Abyss:1)
  5 iguanas
  20 orc wizards
  Ijyb (D:3)
  4 hell rats (Lair:4)
  A killer bee zombie (D:6)
  3 centaur simulacra
  An acid dragon zombie (Crypt:2)
  A deep dwarf zombie (Crypt:3)
  A spectral howler monkey (D:6)
  A mummy (D:6)
  16 gnolls
  A howler monkey skeleton (D:6)
  6 adders
  2 shadow imps
  2 white imps
  5 ufetubi
  An iguana zombie (Crypt:1)
  An adder skeleton (Crypt:2)
  2 worms
  3 dart slugs
  101 orcs
  7 endoplasms
  2 giant cockroaches
  13 goblins
  10 hobgoblins
  5 jackals
  22 kobolds
  2 quokkas
  4 ball pythons
  3 bats
  5 frilled lizards
  7 rats
  A snaplasher vine (Depths:4)
  2 starspawn tentacles (Abyss:3)
  3 tentacles (Abyss:1)
1347 creatures vanquished.

Vanquished Creatures (collateral kills)
  A dread lich (Zot:1)
  Vv (Crypt:1)
  Saint Roka (Crypt:1)
  A golden dragon (Depths:3)
  Nikola (Shoals:1)
  2 electric golems (Zot:1)
  A tentacled monstrosity (Zot:1)
  A shard shrike skeleton (Crypt:3)
  A lich (Crypt:3)
  A quicksilver dragon (Zot:1)
  Asterion (Vaults:1)
  A deep elf master archer (Elf:3)
  A deep elf blademaster (Elf:3)
  2 death cobs (Zot:1)
  4 ancient champions
  2 tentacled starspawn (Abyss:3)
  2 sphinxes
  A tengu reaver (Depths:3)
  4 fire giants
  A revenant (Crypt:3)
  2 frost giants
  4 emperor scorpions
  An emperor scorpion (shapeshifter) (Depths:3)
  A ghost moth (Zot:1)
  2 deep elf sorcerers (Elf:3)
  10 vault wardens
  An iron dragon (Zot:1)
  A spriggan defender (Depths:3)
  An orc warlord (Vaults:3)
  12 very ugly things
  A curse skull (Crypt:3)
  2 ghouls (Crypt:1)
  3 ironbound thunderhulks
  2 broodmothers
  5 stone giants
  4 ironbound preservers
  An elemental wellspring (Shoals:3)
  2 deep elf demonologists (Elf:3)
  A black draconian (Zot:1)
  5 vampire knights
  9 dire elephants
  A yellow draconian (Zot:1)
  A purple draconian (Zot:1)
  3 spark wasps
  A red draconian (Zot:1)
  2 eidola (Crypt:3)
  4 merfolk javelineers
  A deep elf death mage (Crypt:3)
  4 fire dragons
  3 ettins
  The ghost of DasBelly the Slicer, a journeyman VSFi of Uskayaw (Orc:2)
  4 crystal guardians (Vaults:4)
  4 merfolk impalers
  2 jiangshi
  6 yaktaur captains
  3 entropy weavers
  5 rakshasas
  8 vault guards
  2 great orbs of eyes
  An ogre mage (D:13)
  2 peacekeepers (Vaults:4)
  3 ice dragons
  A spriggan skeleton (Crypt:3)
  3 ironbound frosthearts
  A merfolk avatar (Shoals:1)
  An alligator snapping turtle (Shoals:4)
  7 centaur warriors
  2 radroaches
  5 two-headed ogres
  6 death knights
  2 boulder beetles
  4 deep troll shamans
  4 tengu warriors
  4 vampire magi
  A thrashing horror (Abyss:3)
  A dancing weapon (Elf:2)
  A deep troll earth mage (Depths:3)
  2 spriggan berserkers
  A hell knight (Depths:3)
  4 soul eaters
  A deep elf knight (Elf:2)
  5 iron trolls
  8 large abominations
  17 skeletal warriors
  An anaconda zombie (Crypt:3)
  2 wretched stars (Abyss:3)
  3 steelbarb worms
  A titan skeleton (Depths:1)
  A shadow wraith (Crypt:3)
  2 pharaoh ants
  5 sea snakes
  2 sun moths
  22 deep trolls
  A bunyip skeleton (Crypt:3)
  7 orb spiders (Spider:4)
  3 bog bodies
  13 harpies
  5 flayed ghosts
  An obsidian statue (Vaults:3)
  3 deep elf archers
  2 glowing orange brains (Depths:3)
  9 phantasmal warriors
  9 ironbound convokers
  A deep elf zephyrmancer (Elf:2)
  An anaconda skeleton (Crypt:3)
  7 lindwurms
  3 wizards
  4 spectral wolf spiders (Spider:3)
  8 orc knights
  12 wolf spiders
  3 deep elf pyromancers
  A jorogumo zombie (Crypt:2)
  3 necromancers
  26 ugly things
  2 wolf spider zombies (Spider:3)
  5 manticores
  7 fauns
  6 moths of wrath (Zot:1)
  An orc sorcerer (Crypt:1)
  4 cyclopes
  4 water nymphs
  A fire giant skeleton (Crypt:1)
  3 nameless horrors
  10 merfolk sirens
  4 torpor snails
  A rust devil (Abyss:1)
  6 vault sentinels
  An orange demon (Hell)
  An unseen horror (Depths:3)
  4 freezing wraiths
  5 demonic crawlers
  A pale draconian skeleton (Crypt:1)
  5 tengu conjurers
  34 yaktaurs
  An ancient zyme (Abyss:1)
  20 merfolk
  A meliai (Spider:4)
  A polar bear (D:8)
  16 tarantellas
  6 wolf spider simulacra (Spider:3)
  8 hornets
  4 wind drakes
  5 raiju (Abyss:1)
  6 slime creatures
  An ice dragon zombie (Crypt:1)
  3 dream sheep (Shoals:4)
  9 culicivoras
  7 snapping turtles
  8 flying skulls
  5 wraiths
  14 jumping spiders
  A spriggan (Depths:2)
  3 fire bats (Abyss:3)
  A ynoxinul (Abyss:3)
  2 water elementals (Shoals:4)
  A slime creature zombie (Crypt:3)
  2 chaos spawn
  A golden eye (shapeshifter) (Abyss:3)
  11 redbacks
  A vampire mosquito (D:12)
  An entropy weaver zombie (Crypt:1)
  10 orc warriors
  2 ogres (D:15)
  5 small abominations
  A swamp dragon zombie (Crypt:1)
  2 wolves (D:8)
  A rime drake zombie (Crypt:2)
  A scorpion (Spider:3)
  A cyclops skeleton (Crypt:1)
  A quasit (Abyss:1)
  A centaur zombie (Crypt:2)
  3 orc priests (Vaults:3)
  An iron imp (Abyss:3)
  An ogre skeleton (Crypt:3)
  An iguana skeleton (Crypt:3)
  5 orcs
  3 kobolds (D:13)
  2 snaplasher vines
  A starspawn tentacle (Abyss:3)
689 creatures vanquished.

Vanquished Creatures (others)
  A stone giant (Depths:1)
  A merfolk impaler (Shoals:4)
  A fire dragon (Depths:4)
  An orb spider (Spider:4)
  A deep elf pyromancer (Elf:3)
  A faun (Shoals:1)
  A merfolk (Shoals:4)
  An ettin skeleton (Depths:1)
  An orc priest (Orc:2)
  An orc wizard (Orc:2)
  7 demonic plants
  66 fungi
  249 plants
  30 snaplasher vines
  8 starspawn tentacles (Abyss:3)
  7 tentacles (Abyss:1)
377 creatures vanquished.

Grand Total: 2413 creatures vanquished

Notes
Turn   | Place    | Note
-------+----------+-------------------------------------------
     0 | D:1      | KennySheep the Demigod Conjurer began the quest for the
                  | Orb.
     0 | D:1      | Reached XP level 1. HP: 14/14 MP: 5/5
     7 | D:1      | Found Geass's Book Emporium.
   641 | D:1      | Reached XP level 2. HP: 20/20 MP: 1/7
   644 | D:1      | Learned a level 2 spell: Searing Ray
   745 | D:1      | Reached skill level 1 in Translocations
  1424 | D:2      | Reached XP level 3. HP: 17/26 MP: 2/8
  2259 | D:2      | Identified the +7 hand axe "Zoipoarr" {spect, Will+ Dex+3}
  2774 | D:3      | Reached XP level 4. HP: 33/33 MP: 7/10
  2779 | D:3      | Learned a level 4 spell: Iskenderun's Mystic Blast
  3024 | D:3      | Noticed Ijyb
  3413 | D:4      | Noticed Duvessa
  3413 | D:4      | Noticed an ogre
  3413 | D:4      | Noticed Dowan
  3473 | D:4      | You fall into a shaft and drop 2 floors!
  3533 | D:6      | Found a runed translucent gate.
  3533 | D:6      | Found a runed translucent gate.
  3533 | D:6      | Found a runed translucent gate.
  3543 | D:6      | Noticed OstrichLN's ghost (novice DsGl)
  3657 | D:6      | Noticed a bullfrog
  3663 | D:6      | Reached XP level 5. HP: 38/38 MP: 11/11
  3727 | D:6      | Identified the +10 spear "Idefoef" {drain, Str+4 Stlth+}
  3732 | D:6      | Reached skill level 5 in Conjurations
  3788 | D:6      | Noticed a centaur
  3802 | D:6      | Killed a centaur
  3803 | D:6      | Reached XP level 6. HP: 16/45 MP: 4/13
  3863 | D:6      | Noticed Eustachio
  3921 | D:5      | Entered Level 5 of the Dungeon
  4116 | D:4      | Found a staircase to the Ecumenical Temple.
  4267 | D:4      | Killed Dowan
  4275 | D:4      | Killed Duvessa
  4276 | D:4      | Reached XP level 7. HP: 45/50 MP: 13/15
  4382 | D:4      | Noticed a hornet
  4395 | D:4      | Paralysed by a hornet for 1 turns
  4397 | D:4      | Killed a hornet
  4759 | D:4      | Reached skill level 5 in Translocations
  4951 | Temple   | Entered the Ecumenical Temple
  5266 | D:5      | Learned a level 7 spell: Orb of Destruction
  5398 | D:5      | Reached XP level 8. HP: 52/57 MP: 14/17
  5826 | D:5      | Reached skill level 1 in Fighting
  6238 | D:3      | Killed Ijyb
  6634 | D:6      | Killed Eustachio
  6635 | D:6      | Reached XP level 9. HP: 68/68 MP: 7/19
  7357 | D:7      | Reached skill level 5 in Spellcasting
  7528 | D:7      | Noticed Menkaure
  7531 | D:7      | Killed Menkaure
  7783 | D:8      | Noticed a rime drake
  7794 | D:8      | Found a flagged portal.
  7813 | Bailey   | Entered a bailey
  7895 | Bailey   | Noticed an orc warlord
  8031 | Bailey   | Found a runed translucent gate.
  8039 | Bailey   | Found a runed translucent gate.
  8041 | Bailey   | Found a runed translucent gate.
  8131 | Bailey   | Gained mutation: You have hidden genetic potential. [potion
                  | of mutation]
  8131 | Bailey   | Gained mutation: You are partially covered in iridescent
                  | scales. (AC +2) [potion of mutation]
  8131 | Bailey   | Gained mutation: You are agile. (Dex +4, Str/Int -1)
                  | [potion of mutation]
  8131 | Bailey   | Gained mutation: Your muscles are strong. (Str +4, Int/Dex
                  | -1) [potion of mutation]
  8195 | Bailey   | Killed an orc warlord
  8266 | Bailey   | Reached XP level 10. HP: 78/78 MP: 20/22
  8267 | Bailey   | Acquired a staff of conjuration
  8368 | D:8      | Reached XP level 11. HP: 58/84 MP: 11/23
  8497 | D:8      | Reached skill level 5 in Dodging
  8934 | D:8      | Noticed Pikel
  8939 | D:8      | Killed Pikel
  8950 | D:8      | Gained mutation: You have sharp fingernails. [hidden
                  | potential]
  9189 | D:8      | Noticed Prince Ribbit
  9201 | D:8      | Killed Prince Ribbit
  9294 | D:8      | Found a staircase to the Lair.
  9678 | D:9      | Noticed a boulder beetle
 10281 | D:9      | Identified the +1 robe "Haoruhar" {*Corrode rC+ rN+ Slay+2}
 10497 | Lair:1   | Entered Level 1 of the Lair of Beasts
 10506 | Lair:1   | Learned a level 2 spell: Blink
 10703 | Lair:1   | Reached skill level 5 in Fighting
 10703 | Lair:1   | Reached skill level 1 in Evocations
 11909 | Lair:2   | Found a dark tunnel.
 11920 | Volcano  | Entered a volcano
 11972 | Volcano  | Noticed a wizard
 11980 | Volcano  | Killed a wizard
 12111 | Volcano  | Noticed a wizard
 12113 | Volcano  | Killed a wizard
 12450 | Lair:2   | Noticed a six-headed hydra
 12459 | Lair:2   | Killed a six-headed hydra
 12463 | Lair:2   | Reached XP level 12. HP: 75/95 MP: 3/26
 12989 | Lair:2   | Reached skill level 1 in Summonings
 13009 | Lair:2   | Gained mutation: Your flesh is heat resistant. (rF+)
                  | [hidden potential]
 13009 | Lair:2   | Lost mutation: You have hidden genetic potential. [hidden
                  | potential expressed]
 13112 | Lair:2   | Found a staircase to the Shoals.
 13343 | Lair:2   | Reached skill level 2 in Summonings
 13351 | Lair:2   | Learned a level 7 spell: Spellforged Servitor
 13568 | Lair:3   | Found a hole to the Spider Nest.
 14256 | Lair:3   | Noticed a six-headed hydra
 14260 | Lair:3   | Killed a six-headed hydra
 14261 | Lair:3   | Reached skill level 3 in Summonings
 14650 | Lair:3   | Found a large runed translucent door.
 14650 | Lair:3   | Found a large runed translucent door.
 14653 | Lair:3   | Noticed Leaxt's ghost (journeyman MiBe)
 15033 | Lair:4   | Found a runed translucent gate.
 15033 | Lair:4   | Found a runed translucent gate.
 15033 | Lair:4   | Found a runed translucent gate.
 15033 | Lair:4   | Noticed an acid blob
 15033 | Lair:4   | Noticed a quicksilver ooze
 15033 | Lair:4   | Noticed an azure jelly
 15034 | Lair:4   | Noticed an azure jelly
 15034 | Lair:4   | Noticed an acid blob
 15034 | Lair:4   | Noticed purpskrrrp's ghost (journeyman DjEE)
 15034 | Lair:4   | Noticed an azure jelly
 15034 | Lair:4   | Noticed a great orb of eyes
 15034 | Lair:4   | Noticed an azure jelly
 15034 | Lair:4   | Noticed an azure jelly
 15034 | Lair:4   | Noticed an acid blob
 15957 | Lair:4   | Reached skill level 4 in Summonings
 16248 | Lair:4   | Noticed an azure jelly
 16370 | Lair:5   | Entered Level 5 of the Lair of Beasts
 16386 | Lair:5   | Noticed a five-headed hydra
 16963 | D:6      | Killed OstrichLN's ghost
 17249 | D:9      | Killed a boulder beetle
 18164 | D:9      | Found the +5 scythe "Finisher" {speed, eviscerate}
 18464 | D:9      | Reached XP level 13. HP: 104/104 MP: 13/28
 18533 | D:10     | Entered Level 10 of the Dungeon
 18869 | Lair:5   | Reached skill level 5 in Summonings
 19362 | Lair:5   | Noticed Rupert
 19365 | Lair:5   | Reached skill level 5 in Evocations
 19871 | Lair:5   | Reached skill level 15 in Conjurations
 20136 | Lair:5   | Paralysed by Rupert for 3 turns
 20136 | Lair:5   | Killed Rupert
 20137 | Lair:5   | Reached skill level 6 in Summonings
 21331 | Lair:5   | Learned a level 5 spell: Fireball
 21572 | Lair:5   | Found a staircase to the Slime Pits.
 21724 | D:10     | Reached skill level 7 in Summonings
 21949 | D:10     | Found a staircase to the Orcish Mines.
 22589 | Orc:1    | Entered Level 1 of the Orcish Mines
 22740 | Orc:1    | Reached XP level 14. HP: 103/113 MP: 14/30
 23190 | Orc:1    | Reached skill level 8 in Summonings
 23234 | Orc:1    | Noticed an orc warlord
 23240 | Orc:1    | Killed an orc warlord
 23894 | Orc:2    | Entered Level 2 of the Orcish Mines
 23901 | Orc:2    | Found a staircase to the Elven Halls.
 24631 | Orc:2    | Found a runed translucent gate.
 24631 | Orc:2    | Found a runed translucent gate.
 24631 | Orc:2    | Found a runed translucent gate.
 24634 | Orc:2    | Noticed DasBelly's ghost (journeyman VSFi)
 24648 | Orc:2    | Identified the +8 flail "Zimmum" {holy, rCorr}
 24999 | Orc:2    | Reached skill level 9 in Summonings
 25153 | Orc:2    | Found Baur's Antique Weapon Boutique.
 25153 | Orc:2    | Found Dywymaum's Assorted Antiques.
 25155 | Orc:2    | Found Yrhih's Jewellery Boutique.
 25155 | Orc:2    | Found Cantaoxa's Antique Armour Shoppe.
 25168 | Orc:2    | Bought a runed kite shield for 255 gold pieces
 25168 | Orc:2    | Bought a slimy robe for 193 gold pieces
 25168 | Orc:2    | Identified the +2 robe of Mitah {rElec rC- Regen+ Int-5}
                  | (You bought it in a shop on level 2 of the Orcish Mines)
 25463 | Lair:3   | Killed Leaxt's ghost
 25805 | Orc:2    | Reached skill level 1 in Shields
 25812 | Orc:2    | Killed DasBelly's ghost
 26722 | D:11     | Found Zuazeubox's Assorted Antiques.
 26731 | D:11     | Bought a heavily jewelled robe for 142 gold pieces
 26731 | D:11     | Identified the +0 robe of the Orb Guardian {Int+4 SInv}
                  | (You bought it in a shop on level 11 of the Dungeon)
 26731 | D:11     | Bought a fading scale mail for 225 gold pieces
 26731 | D:11     | Identified the +6 scale mail of Cowardice {Rampage +Blink
                  | Slay+3} (You bought it in a shop on level 11 of the
                  | Dungeon)
 28380 | Elf:1    | Entered Level 1 of the Elven Halls
 28561 | Elf:1    | Reached skill level 1 in Fire Magic
 29550 | Shoals:1 | Entered Level 1 of the Shoals
 29561 | Shoals:1 | Reached skill level 10 in Summonings
 29568 | Shoals:1 | Reached XP level 15. HP: 44/121 MP: 21/32
 29974 | Shoals:1 | Found a flickering gateway to a bazaar.
 29981 | Bazaar   | Entered a bazaar
 30134 | Bazaar   | Learned a level 6 spell: Starburst
 30154 | Bazaar   | Found Gymir's General Store.
 30170 | Bazaar   | Found Difosiew's Book Emporium.
 30237 | Bazaar   | Bought a scroll of identify for 38 gold pieces
 30237 | Bazaar   | Bought a potion of brilliance for 76 gold pieces
 30237 | Bazaar   | Bought a scroll of teleportation for 57 gold pieces
 30237 | Bazaar   | Bought a scroll of enchant weapon for 142 gold pieces
 30237 | Bazaar   | Bought a scroll of teleportation for 57 gold pieces
 30303 | Bazaar   | Bought a book of the Warp for 378 gold pieces
 30303 | Bazaar   | Bought a book of the Wilderness for 342 gold pieces
 30396 | Shoals:1 | Reached skill level 1 in Staves
 30748 | Shoals:1 | Noticed Nikola
 30888 | Shoals:1 | Learned a level 5 spell: Summon Forest
 31466 | Shoals:1 | Noticed Mlioglotl
 31469 | Shoals:1 | Killed Nikola
 31472 | Shoals:1 | Killed Mlioglotl
 31705 | Shoals:2 | Reached skill level 10 in Spellcasting
 32463 | Shoals:2 | Found Pihudylomm's Antique Armour Shop.
 32477 | Shoals:2 | Bought a warped robe for 176 gold pieces
 32477 | Shoals:2 | Identified the +1 robe of Piq Vungeib {rC- Str-2 Dex+10}
                  | (You bought it in a shop on level 2 of the Shoals)
 32477 | Shoals:2 | Bought a crude helmet for 294 gold pieces
 32477 | Shoals:2 | Identified the +2 helmet of the Hot Ocelot {rF- rN+ Will+
                  | Regen+} (You bought it in a shop on level 2 of the Shoals)
 33845 | D:13     | Found a gate to the Vaults.
 34985 | D:14     | Found Cotzieff's Distillery.
 34992 | D:14     | Bought 2 potions of resistance for 200 gold pieces
 34992 | D:14     | Bought a potion of ambrosia for 80 gold pieces
 34992 | D:14     | Bought a potion of heal wounds for 50 gold pieces
 35026 | D:14     | Reached XP level 16. HP: 128/128 MP: 25/36
 35561 | D:14     | Found a runed translucent gate.
 35561 | D:14     | Found a runed translucent gate.
 35564 | D:14     | Noticed a lich
 35565 | D:14     | Noticed a lich
 35565 | D:14     | Noticed a lich
 35566 | D:14     | Found a runed translucent gate.
 35566 | D:14     | Noticed Solauffi's ghost (journeyman DjFE)
 35566 | D:14     | Noticed a lich
 35930 | D:14     | Killed a lich
 35931 | D:14     | Killed a lich
 35933 | D:14     | Killed a lich
 35933 | D:14     | Killed a lich
 35935 | D:14     | Killed Solauffi's ghost
 35936 | D:14     | Reached skill level 5 in Staves
 35938 | D:14     | Identified the ring "Ruynos" {Will++ EV+4 Int+5}
 35946 | D:14     | Identified the +0 pair of gloves "Cirem" {Harm rC+}
 36106 | D:15     | Entered Level 15 of the Dungeon
 36366 | D:15     | Found Etwewnoc's Armour Shop.
 36371 | D:15     | Found Adamal's Weapon Shop.
 36602 | D:15     | Reached skill level 5 in Stealth
 36823 | D:15     | Found a staircase to the Depths.
 37107 | D:15     | Found Bala's Antique Weapon Shoppe.
 37881 | Elf:1    | Got the Exposition on Confrontation
 37890 | Elf:1    | Learned a level 7 spell: Summon Hydra
 37930 | Elf:1    | Identified the +4 falchion of the Realm of Zot {venom,
                  | Int+4}
 38301 | Elf:2    | Found Vemmiod's Jewellery Shop.
 39946 | Shoals:3 | Noticed Aizul
 39953 | Shoals:3 | Killed Aizul
 40349 | Shoals:3 | Found Polabbei's Antique Armour Emporium.
 40384 | Shoals:3 | Got the Textbook on Gloom and the Union
 40551 | Shoals:3 | Reached skill level 5 in Fire Magic
 40651 | Shoals:4 | Entered Level 4 of the Shoals
 40923 | Shoals:4 | Identified the +6 halberd of Contradiction {venom, rN++
                  | MP+9 Dex+2}
 42049 | Depths:1 | Entered Level 1 of the Depths
 42082 | Depths:1 | Found Egguga's CLEARANCE SALE!.
 42292 | Depths:1 | Found Mowu Toum's Antique Armour Emporium.
 42331 | Depths:1 | Reached XP level 17. HP: 84/135 MP: 13/38
 42790 | Shoals:3 | Bought a runed buckler for 165 gold pieces
 42961 | Spider:1 | Entered Level 1 of the Spider Nest
 43052 | Lair:3   | Reached skill level 1 in Armour
 43832 | Elf:2    | Found a runed translucent gate.
 43833 | Elf:2    | Found a runed translucent gate.
 43833 | Elf:2    | Found a runed translucent gate.
 44364 | Elf:2    | Reached skill level 11 in Summonings
 44699 | Elf:3    | Entered Level 3 of the Elven Halls
 47018 | Shoals:4 | Reached skill level 5 in Shields
 47123 | Shoals:4 | Identified the ring of Kocipp {*Corrode rC+ rN+ Int+6}
 47938 | Shoals:4 | Got a barnacled rune of Zot
 48218 | Vaults:1 | Entered Level 1 of the Vaults
 48766 | Vaults:1 | Noticed Asterion
 48786 | Vaults:1 | Killed Asterion
 49646 | Vaults:1 | Reached XP level 18. HP: 145/145 MP: 33/40
 49650 | Vaults:1 | Reached skill level 5 in Armour
 50193 | Vaults:2 | Found a staircase to the Crypt.
 50620 | Vaults:2 | Reached skill level 12 in Summonings
 50905 | Vaults:2 | Identified the +0 leather armour of Tender Moments {Str+6
                  | Dex+3}
 52130 | Vaults:3 | Found a gateway to a bazaar.
 52183 | Bazaar   | Entered a bazaar
 52215 | Bazaar   | Found Mus Guixt's Assorted Antiques.
 52253 | Bazaar   | Found Fis Vuc's Assorted Antiques.
 52306 | Bazaar   | Found Ynnib's Book Emporium.
 52314 | Bazaar   | Bought the Directory of Illusion and Dislocation for 320
                  | gold pieces
 52363 | Bazaar   | Found Leil's Jewellery Emporium.
 52587 | Bazaar   | Bought a scroll of enchant weapon for 165 gold pieces
 52831 | Vaults:3 | Reached XP level 19. HP: 154/154 MP: 37/42
 52844 | Vaults:3 | Reached skill level 10 in Evocations
 52955 | Vaults:3 | Identified the +6 chain mail of Sunlight {rElec Int+2}
 53414 | D:15     | Bought the +3 leather armour of the Salamander {rElec} for
                  | 496 gold pieces
 53649 | Vaults:3 | Reached skill level 10 in Fighting
 53750 | Vaults:3 | Reached skill level 10 in Staves
 54054 | Vaults:3 | Reached skill level 13 in Summonings
 57682 | Spider:2 | Found the +8 longbow "Zephyr" {speed, Dex+3 SInv}
 58048 | Spider:2 | Identified the +7 hand crossbow of Virtue {speed, Int+4
                  | Dex+4}
 58052 | Spider:2 | Got the Folio of Transformed Embers
 58158 | Spider:3 | Reached XP level 20. HP: 163/163 MP: 26/44
 58874 | Spider:3 | Reached skill level 14 in Summonings
 59188 | Spider:4 | Entered Level 4 of the Spider Nest
 59304 | Spider:4 | Learned a level 9 spell: Dragon's Call
 60416 | Spider:4 | Reached skill level 10 in Armour
 60888 | Spider:4 | Got a gossamer rune of Zot
 61337 | Depths:1 | Found a one-way gateway to a ziggurat.
 62162 | Depths:1 | Reached skill level 15 in Spellcasting
 62338 | Depths:1 | Found Egioppob's Book Shoppe.
 62352 | Depths:1 | Bought an ichor-stained leather armour for 266 gold pieces
 62352 | Depths:1 | Identified the +0 leather armour of Tempters {Str+4 Dex+3
                  | Stlth+} (You bought it in a shop on level 1 of the Depths)
 62376 | Depths:1 | Found a gateway to Hell.
 62449 | Depths:1 | Found Sisir's Magic Scroll Emporium.
 62456 | Depths:1 | Paralysed by a floating eye for 4 turns
 62808 | Depths:2 | Reached skill level 15 in Summonings
 62870 | Depths:1 | Acquired the +1 pair of boots of the Other World {+Inv
                  | rPois Dex-3}
 62936 | Depths:2 | Found a one-way gate leading to the halls of Pandemonium.
 62991 | Depths:2 | Identified the ring "Rewor" {rN+ Dex+4}
 63260 | Depths:2 | Identified the +3 cloak of Gravity {Rampage rF+++ Will-
                  | Str+7}
 63283 | Depths:2 | Identified the +1 robe of Vomun {Will+}
 63539 | Depths:1 | Bought a scroll of enchant armour for 135 gold pieces
 63677 | Depths:2 | Identified the amulet "Biuz" {RegenMP *Slow rN+ Will+
                  | Str+6}
 64386 | Crypt:1  | Entered Level 1 of the Crypt
 64456 | Crypt:1  | Noticed Vv
 64463 | Crypt:1  | Killed Vv
 64464 | Crypt:1  | Reached XP level 21. HP: 158/171 MP: 24/46
 64937 | Crypt:1  | Noticed Saint Roka
 64955 | Crypt:1  | Killed Saint Roka
 65635 | Crypt:2  | Reached skill level 16 in Summonings
 66116 | Crypt:3  | Entered Level 3 of the Crypt
 66279 | Crypt:3  | Found a staircase to the Tomb.
 66922 | Crypt:3  | Reached skill level 17 in Summonings
 67318 | Crypt:3  | Noticed an ancient lich
 67319 | Crypt:3  | Noticed a dread lich
 67319 | Crypt:3  | Noticed a dread lich
 68172 | Depths:3 | Noticed a golden dragon
 68182 | Depths:3 | Killed a golden dragon
 68259 | Depths:3 | Identified the ring of the Pharaoh's Fist {rF+ rN+ rCorr
                  | Dex+6}
 68330 | Depths:3 | Found a one-way gate to the infinite horrors of the Abyss.
 68463 | Depths:3 | Reached XP level 22. HP: 173/179 MP: 24/48
 68471 | Depths:3 | Reached skill level 18 in Summonings
 68939 | Depths:4 | Entered Level 4 of the Depths
 68949 | Depths:4 | Noticed Boris
 69022 | Depths:4 | Killed Boris
 69709 | Depths:4 | Identified the +3 shortbow "Lecaetrozxi" {freeze, rPois
                  | rCorr Str+3 Int-5}
 69814 | Depths:4 | Found a gate to the Realm of Zot.
 70507 | Elf:3    | Reached skill level 19 in Summonings
 70645 | Elf:3    | Found the +8 Vampire's Tooth {vamp}
 70694 | Elf:3    | Identified the ring "Rivaj" {rF++ Str+6}
 70744 | Elf:3    | Identified the +5 giant spiked club of Accidental
                  | Termination {flame, rCorr Int-2 Dex+4 SInv}
 71219 | Depths:3 | Voluntarily entered the Abyss.
 71692 | Depths:3 | Escaped the Abyss
 71735 | Depths:3 | Voluntarily entered the Abyss.
 72034 | Abyss:3  | Got an abyssal rune of Zot
 72080 | Depths:3 | Escaped the Abyss
 72286 | Zot:1    | Entered Level 1 of the Realm of Zot
 72419 | Zot:1    | Reached skill level 20 in Summonings
 73189 | Hell     | Entered the Vestibule of Hell
 73189 | Hell     | Noticed Geryon
 73692 | Zot:1    | Identified the +10 battleaxe "Ameoc" {freeze, *Slow rCorr
                  | Int+2}
 73943 | Zot:1    | Noticed a dread lich
 73967 | Zot:1    | Killed a dread lich
 73968 | Zot:1    | Reached XP level 23. HP: 179/185 MP: 30/49
 74003 | Zot:1    | Noticed a Killer Klown
 74003 | Zot:1    | Noticed a Killer Klown
 74039 | Zot:1    | Killed a Killer Klown
 74051 | Zot:1    | Killed a Killer Klown
 74323 | Zot:1    | Identified the +5 quarterstaff of Perversion {spect, Str+4
                  | Int+2 Dex+3}
 74354 | Zot:1    | Identified the +1 ring mail of Baiquev {rPois SInv}
 74552 | Zot:2    | Killed from afar by a black draconian knight

Illustrated notes

Levels and vault maps discovered:
D:1:      dpeg_arrival_tiny_e, layout_basic, serial_shops, shop,
          nicolae_hexahallways
D:2:      layout_basic
D:3:      layout_loops_ring, uniq_ijyb
D:4:      layout_cave_pods, minmay_temple_entry_statues_pillars, uniq_duvessa
D:5:      minmay_diamond_boxcup, layout_cave_pods, nicolae_vehumet_radiance,
          mainiacjoe_overflow_six_doors_small, item_on_display_a
D:6:      layout_cave_pools, lemuel_mausoleum_altar_yredelemnul,
          nicolae_wu_jian_wuxing_cycle, gammafunk_ghost_necromancy,
          uniq_eustachio
D:7:      layout_loops_ring, marbit_many_paths, lemuel_flamethrower_2,
          uniq_menkaure
D:8:      layout_basic, mainiacjoe_overflow_tiny_flanked,
          hellmonk_lair_entry_icy, enter_bailey_4, special_room
          [special_room_orc], uniq_pikel, uniq_prince_ribbit1
D:9:      layout_basic, kennysheep_little_box, grunt_qazlal_clouds,
          general_overflow_altar, special_room [special_room_orc],
          minmay_guarded_unrand_finisher
D:10:     layout_basic, fedhas_bush_and_centaur_altar, erik_orc_4
D:11:     layout_stronghold, serial_shops, shop
D:12:     minmay_mutant_horseshoe, layout_rooms, led_xom_imps
D:13:     layout_loops_cross, grunt_vaults_entry_fortified
D:14:     layout_gridville, serial_shops, nicolae_shop_stone,
          gammafunk_ghost_crypt, serial_park_tiny_1
D:15:     grunt_enter_depths_snipers, layout_long_grid, serial_shops,
          nicolae_shop_bloodbath_and_beyond, shop, shop, columned_hall_lemuel
Temple:   nicolae_temple_hex_pool
Lair:1:   layout_regular_city, serial_bayou_shore_b, grunt_megastairs_5,
          serial_bayou_shore_a
Lair:2:   layout_loops_ring, minmay_shoals_entry_centaurs,
          nicolae_volcano_entry_batcave, serial_bayou_shore_b
Lair:3:   layout_cave_shapes, spider_nest_entry_web_field,
          ebering_ghost_disaster_area
Lair:4:   layout_roguey, gammafunk_ghost_ooze, grunt_megastairs_3
Lair:5:   minmay_lair_end_frog_pond, layout_regular_city,
          dpeg_slime_entry_corner, serial_bayou_pond_d, uniq_rupert
Shoals:1: layout_shoals, serial_shops, bzr_entry_gold, st_cyclops, uniq_nikola,
          uniq_mlioglotl
Shoals:2: layout_shoals, serial_shops, nicolae_shop_competitors_out_of_business,
          nicolae_shoals_loop_pool
Shoals:3: layout_shoals, serial_shops, nicolae_shop_overgrown_old_shop,
          nicolae_shoals_spring_well_temple, uniq_aizul
Shoals:4: shoals_end_grunt_ice, layout_shoals
Spider:1: layout_spider_delve, nicolae_spider_some_kinda_spiderbox
Spider:2: layout_spider_delve, worms_lemuel
Spider:3: spiders_nest_scorpion_pit, nicolae_spider_undead_wolf_pack
Spider:4: grunt_spider_rune_island
Orc:1:    layout_caves
Orc:2:    grunt_orc_tribal_feast, layout_caves, biasface_ghost_orc_armoury
Elf:1:    minmay_elf_arrival_plus, layout_onion_city, minmay_elf_annihilation
Elf:2:    nicolae_elf_blades_crystal_corner, layout_geoelf_octagon,
          serial_shops, nicolae_shop_behind_doors, uniq_zenata
Elf:3:    elf_hall_gauntlet_narrow, layout_gridlike
Vaults:1: nicolae_vaults_shelves_hall, hangedman_vaults_stretched_pinwheel,
          nicolae_vaults_rhombus_6, hangedman_vaults_corner,
          nicolae_vaults_network_s, nicolae_vaults_ring_of_whatevers,
          vaults_room_semicircle, layout_vaults_omnigrid, uniq_asterion
Vaults:2: v_misc_30, v_misc_11, nicolae_vaults_alarming, v_rooms_3,
          grunt_vaults_funnel, minmay_crypt_entry_necro_gods,
          layout_vaults_big_room
Vaults:3: v_misc_33, v_misc_4, vaults_room_large_hall,
          ontoclasm_vaults_misaligned, grunt_vaults_diagonal,
          dpeg_vaults_monster_row, nicolae_vaults_triangles, special_room_vaults
          [special_room_orc], v_alt_pattern_2, vaults_room_pools,
          nicolae_vaults_ring_of_whatevers, hangedman_vaults_restitches,
          layout_vaults_ring, serial_shops, statue_bzr
Vaults:4: nicolae_vaults_big_ls, vaults_mumra_minichess_inversion,
          nicolae_vaults_murderbox, vaults_room_corners, vaults_dpeg_doors,
          vaults_room_ringed_pool, v_misc_28, ontoclasm_vaults_ring_small,
          v_misc_17, ontoclasm_vaults_fault, v_misc_1, vaults_dpeg_ring,
          ontoclasm_vaults_hangar, layout_vaults_omnicross
Crypt:1:  layout_catacombs, uniq_saint_roka, uniq_vv
Crypt:2:  layout_rooms
Crypt:3:  david_glass_crypt, layout_misc_corridors
Depths:1: layout_twisted_cross, enter_ziggurat_a, serial_shops,
          nicolae_diamond_shop, nicolae_two_hexagons, hell_entry,
          minmay_misc_feat_alley, nicolae_shop_clearance, firewood_loft,
          minmay_shoptagon
Depths:2: minmay_the_grid_triangle_9x9_rhombus_full_mashed
          [minmay_the_grid_triangle_9x9_from_above,
          minmay_the_grid_triangle_9x9_pentomino_pain,
          minmay_the_grid_triangle_9x9_wacky_v,
          minmay_the_grid_triangle_9x9_minimal,
          minmay_the_grid_triangle_9x9_impossible_snake,
          minmay_the_grid_triangle_9x9_sprig,
          minmay_the_grid_triangle_9x9_thin_v,
          minmay_the_grid_triangle_9x9_prize_insulated], layout_cave_pools,
          pan_entry, hell_entry, serial_glass, glass_columns_b, glass_columns_a,
          infiniplex_staircase_spiral
Depths:3: hourglass_vault, layout_basic, lemuel_crystal_altar, hell_entry,
          minmay_room_of_horrors, hangedman_decor_lopped, reono_crystal_passage,
          onia_ninara_cookie
Depths:4: evilmike_zot_entry_diamond, layout_cave_shapes, serial_column_ruins,
          column_ruins_portal_squares, column_ruins_columns_corner,
          column_ruins_open_large, column_ruins_columns_straight,
          column_ruins_corridor_straight, hell_entry, grunt_ministairs_13,
          uniq_boris
Hell
Zot:1:    layout_cellular_growth, hangedman_player_shredder
Zot:2:    grunt_zot_stairs_faceoff, layout_onion_interference,
          grunt_ministairs_9

Skill      XL: |  1  2  3  4  5  6  7  8  9 10 11 12 13 14 15 16 17 18 19 20 21 22 |
---------------+-------------------------------------------------------------------+-----
Translocations | 1 2 3 4 5 6 7 8 |  8.6
Spellcasting   | 2 3 4 5 6 7 8 10 12 13 14 15 16 | 16.1
Conjurations   | 4 5 6 8 12 13 14 15 16 | 16.8
Dodging        | 3 4 6 7 8 9 |  9.6
Fighting       | 2 4 5 6 7 8 9 10 11 | 11.1
Evocations     | 3 4 5 7 8 9 10 | 10.0
Summonings     | 4 7 10 11 12 13 15 17 20 | 20.7
Shields        | 3 5 |  5.0
Fire Magic     | 2 5 |  5.5
Staves         | 4 6 8 9 11 12 | 12.0
Stealth        | 4 6 |  6.0
Armour         | 4 7 9 10 12 14 | 14.6

Action                   |  1- 3 |  4- 6 |  7- 9 | 10-12 | 13-15 | 16-18 | 19-21 | 22-24 || total
-------------------------+-------+-------+-------+-------+-------+-------+-------+-------++-------
Melee: Hand axe          |       |     4 |       |       |       |       |       |       ||     4
       Spear             |       |    40 |   183 |    35 |     6 |       |       |       ||   264
       Punch             |       |     1 |     2 |       |     3 |       |       |       ||     6
       Staff             |       |       |       |    81 |   207 |   241 |   929 |   334 ||  1792
 Cast: Magic Dart        |    81 |    33 |    22 |    15 |       |       |       |       ||   151
       Searing Ray       |     3 |     3 |     9 |       |       |       |       |       ||    15
       Iskenderun's Myst |       |       |    33 |   201 |   164 |    72 |   116 |    50 ||   636
       Orb of Destructio |       |       |       |    21 |   145 |   190 |   141 |    68 ||   565
       Fireball          |       |       |       |       |    22 |       |       |       ||    22
       Spellforged Servi |       |       |       |       |    34 |    49 |    39 |    11 ||   133
       Blink             |       |       |       |       |     4 |     1 |     5 |     1 ||    11
       Summon Forest     |       |       |       |       |     8 |    35 |    68 |    13 ||   124
       Starburst         |       |       |       |       |     6 |    15 |    15 |    15 ||    51
       Summon Hydra      |       |       |       |       |       |    24 |   132 |    51 ||   207
       Dragon's Call     |       |       |       |       |       |       |       |     4 ||     4
Evoke: Box of beasts     |       |       |       |       |     1 |       |       |       ||     1
  Use: Scroll            |       |     5 |     7 |     8 |    12 |     8 |    17 |     6 ||    63
       Potion            |       |     6 |     9 |       |     5 |     6 |     1 |     6 ||    33
 Stab: Distracted        |       |     1 |     3 |       |     1 |     4 |    20 |    12 ||    41
       Invisible         |       |     3 |       |       |       |       |       |       ||     3
       Sleeping          |       |     1 |     6 |       |     1 |       |     2 |     1 ||    11
Armor: Robe              |       |    11 |    39 |    53 |    44 |       |    17 |       ||   164
       Skin              |       |       |     1 |       |       |       |       |       ||     1
       Acid dragon scale |       |       |       |       |    29 |       |       |       ||    29
       Leather armour    |       |       |       |       |    77 |   139 |   148 |       ||   364
       Fire dragon scale |       |       |       |       |       |       |    16 |       ||    16
       Ice dragon scales |       |       |       |       |       |       |   199 |   214 ||   413
Dodge: Dodged            |     7 |    27 |   108 |   153 |   319 |   344 |   694 |   200 ||  1852
Block: Buckler           |       |       |       |       |       |   118 |   345 |   133 ||   596
       Reflection        |       |       |       |       |       |    25 |    33 |     5 ||    63

Table legend: (Time is in decaauts)
 A = Elapsed time spent in this place.
 B = Non-inter-level travel time spent in this place.
 C = Inter-level travel time spent in this place.
 D = Time resting spent in this place.
 E = Time spent auto-exploring this place.
 F = Levels seen in this place.
 G = Mean time per level.
                   A        B        C        D        E       F      G
               +--------+--------+--------+--------+--------+-----+--------+
         Total |  74884 |  65834 |   9050 |  20712 |  31146 |  57 | 1313.8 |
       Dungeon |  23066 |  19248 |   3818 |   5139 |  11267 |  15 | 1537.7 |
        Temple |     94 |     94 |      0 |      0 |     61 |   1 |   94.0 |
          Lair |  11252 |   9734 |   1518 |   3872 |   4685 |   5 | 2250.4 |
        Shoals |   7822 |   7058 |    764 |   2949 |   2370 |   4 | 1955.5 |
   Spider Nest |   4283 |   3854 |    429 |    499 |   1985 |   4 | 1070.8 |
  Orcish Mines |   3496 |   3252 |    244 |   1637 |    988 |   2 | 1748.0 |
   Elven Halls |   4564 |   4211 |    353 |   1575 |   1848 |   3 | 1521.3 |
        Vaults |   7554 |   6751 |    803 |   1984 |   3119 |   4 | 1888.5 |
         Crypt |   2943 |   2761 |    182 |    539 |   1263 |   3 |  981.0 |
        Depths |   5444 |   4704 |    740 |   1185 |   2316 |   4 | 1361.0 |
          Hell |     11 |     11 |      0 |      0 |      0 |   1 |   11.0 |
           Zot |   1970 |   1775 |    195 |    623 |    662 |   2 |  985.0 |
         Abyss |    759 |    759 |      0 |    157 |    131 |   5 |  151.8 |
        Bazaar |    850 |    850 |      0 |    145 |    335 |   2 |  425.0 |
        Bailey |    550 |    550 |      0 |    242 |     89 |   1 |  550.0 |
       Volcano |    218 |    218 |      0 |    163 |     24 |   1 |  218.0 |
               +--------+--------+--------+--------+--------+-----+--------+

Top non-repeatable levels by time:
     D:8: 2490 daAuts
  Lair:4: 2488 daAuts
  Lair:3: 2390 daAuts
Vaults:1: 2344 daAuts
    D:15: 2322 daAuts
Shoals:4: 2265 daAuts
    D:13: 2240 daAuts
  Lair:2: 2195 daAuts
   Orc:2: 2175 daAuts
  Lair:5: 2160 daAuts
Shoals:3: 2084 daAuts
  Lair:1: 2018 daAuts
Vaults:3: 1946 daAuts
   Zot:1: 1927 daAuts
     D:9: 1884 daAuts
